 Dungeon Crawl Stone Soup version 0.14-a0-1626-g054e7ae (webtiles) character file.

214 M4edhros the Ducker (level 4, 0/28 HPs)
             Began as an Octopode Artificer on Dec 25, 2013.
             Was an Initiate of Fedhas.
             Succumbed to an orc wizard's poison
             ... on Level 3 of the Dungeon.
             The game lasted 00:02:19 (1977 turns).

M4edhros the Ducker (Octopode Artificer)            Turns: 1977, Time: 00:02:19

HP   0/28        AC  1     Str 10      XL: 4   Next: 72%
MP   6/6         EV 14     Int 15      God: Fedhas [......]
Gold 115         SH  0     Dex 12      Spells:  0 memorised,  3 levels left

rFire  . . .     SeeInvis .     n - +0 short sword
rCold  . . .     Clarity  .     (no shield)
rNeg   . . .     Conserve .     (helmet restricted)
rPois  .         rCorr    .     (no amulet)
rElec  .         rRot     .     (no ring)
SustAb . .       Spirit   .     (no ring)
rMut   .         Warding  .     (no ring)
Saprov . . .     Stasis   .     (no ring)
                                (no ring)
                                (no ring)
                                (no ring)
                                (no ring)

@: mildly poisoned, slightly resistant to hostile enchantments, stealthy
A: almost no armour, amphibious, 8 rings, constrict 8, camouflage 1, gelatinous
body 1
a: Renounce Religion


You were on level 3 of the Dungeon.
You worshipped Fedhas.
Fedhas was noncommittal.
You were near starving.

You visited 1 branch of the dungeon, and saw 3 of its levels.

You collected 115 gold pieces.

Inventory:

Hand weapons
 a - a +0,+0 short sword
 n - a +0,+0 short sword (weapon)
Magical devices
 b - a wand of flame (9)
 c - a wand of enslavement (8)
 d - a wand of random effects (13)
Comestibles
 f - 2 bread rations
 g - a pear
 i - a meat ration
Scrolls
 j - a scroll of remove curse {unknown}
 k - a scroll of magic mapping {unknown}
 m - a scroll of blinking {unknown}
Jewellery
 e - an uncursed ring of poison resistance {unknown}
Potions
 h - a potion of curing {unknown}
 l - a potion of paralysis {unknown}


   Skills:
 - Level 1.0 Fighting
 - Level 1.0 Short Blades
 + Level 4.7 Dodging
 - Level 1.3 Stealth
 - Level 3.2 Evocations


You had 3 spell levels left.
You didn't know any spells.

Dungeon Overview and Level Annotations

Branches:
Dungeon (3/16)

Altars:
Fedhas


Innate Abilities, Weirdness & Mutations

You cannot wear most types of armour.
You are amphibious.
You can wear up to eight rings at the same time.
You can use your tentacles to constrict many enemies at once.
Your skin changes colour to match your surroundings (Stlth).
Your rubbery body absorbs attacks (AC +1).


Message History

You hear a shout!
The orc wizard hits you with a runed orcish dagger.
* * * LOW HITPOINT WARNING * * *
Evoke which item? (* to show all) (? for menu, Esc to quit)
Zapping:
c - a wand of enslavement (10)
Press: ? - help, Shift-Dir - straight line, f - orc wizard
Aim: an orc wizard, wielding a runed orcish dagger and wearing an orcish robe (moderately wounded)
The orc wizard resists with significant effort.
This wand has 9 charges left.
The orc wizard hits you with a runed orcish dagger.
* * * LOW HITPOINT WARNING * * *
You are poisoned.
Evoke which item? (* to show all) (? for menu, Esc to quit)
Zapping:
c - a wand of enslavement (9)
Press: ? - help, Shift-Dir - straight line, f/p - orc wizard
Aim: an orc wizard, wielding an orcish dagger of venom and wearing an orcish robe (moderately wounded)
The orc wizard resists with significant effort.
This wand has 8 charges left.
You die...
Fedhas appreciates your contribution to the ecosystem.

# #.# ..
#####.#
..######.o@..#
#........#####
##########


You could see an orc wizard.

Vanquished Creatures
  An orc wizard (D:3)
  2 adders
  A giant mite (D:3)
  2 worms (D:2)
  3 giant geckos (D:2)
  2 orcs
  6 giant cockroaches
  4 goblins
  5 hobgoblins
  6 jackals
  A ball python (D:2)
  6 bats
  5 giant newts
  10 kobolds
  A rat (D:2)
55 creatures vanquished.

Vanquished Creatures (collateral kills)
  2 orcs (D:3)
  A kobold (D:2)
3 creatures vanquished.

Vanquished Creatures (others)
  12 toadstools
12 creatures vanquished.

Grand Total: 70 creatures vanquished

Notes
Turn   | Place    | Note
--------------------------------------------------------------
     0 | D:1      | M4edhros, the Octopode Artificer, began the quest for the Orb.
     0 | D:1      | Reached XP level 1. HP: 13/13 MP: 1/1
   131 | D:1      | Reached XP level 2. HP: 13/18 MP: 3/3
   852 | D:1      | Reached XP level 3. HP: 20/23 MP: 4/4
  1211 | D:2      | Reached skill level 4 in Dodging
  1463 | D:2      | Reached XP level 4. HP: 25/28 MP: 6/6
  1504 | D:2      | Found a blossoming altar of Fedhas.
  1527 | D:2      | Became a worshipper of Fedhas Madash
  1976 | D:3      | HP: 1/28 [orc wizard/runed orcish dagger (3)]
  1977 | D:3      | Succumbed to an orc wizard's poison

Action                   |  1- 3 |  4- 6 || total
-------------------------+-------+-------++-------
Melee: Short sword       |    79 |    37 ||   116
Evoke: Wand              |     4 |    11 ||    15
 Stab: Sleeping          |     8 |       ||     8
